 Dungeon Crawl Stone Soup version 0.31-a0-175-g9f7f995f2b (webtiles) character file.

Game seed: 17550711832211551638

119 Moral the Trooper (level 5, -3/43 HPs)
             Began as a Barachi Fighter on June 17, 2023.
             Splashed by a jelly's acid (11 damage)
             ... on level 4 of the Dungeon.
             The game lasted 00:02:44 (1053 turns).

Moral the Trooper (Barachi Fighter)                 Turns: 1053, Time: 00:02:46

Health: -3/43      AC: -4    Str: 20    XL:     5   Next: 3%
Magic:  5/5        EV:  9    Int:  8    God:
Gold:   112        SH:  5    Dex: 13    Spells: 4/4 levels left

rFire   x . .        n - +6 rapier "Livateogum" {heavy, +Blink rPois rF- Str+2}
rCold   + . .        c - +0 buckler
rNeg    . . .        b - +0 scale mail
rPois   +            (no helmet)
rElec   .            (no cloak)
rCorr   .            (no gloves)
SInv    .            (no boots)
Will    .....        (no amulet) Stlth
                     e - ring of protection from cold
HPRegen 0.27/turn    (no ring)
MPRegen 0.09/turn

%: no passive effects
@: corroded, slow
A: amphibious, slowness 1, strong legs 1, +LOS
a: Hop, Evoke Blink


You were on level 4 of the Dungeon.
You visited 1 branch of the dungeon, and saw 3 of its levels.

You collected 112 gold pieces.

Inventory:

Hand Weapons
 a - a +0 long sword
 n - the +6 rapier "Livateogum" (weapon) {heavy, +Blink rPois rF- Str+2}
   (You found it on level 4 of the Dungeon)

   Str:       It affects your strength (+2).
   rF:        It makes you vulnerable to fire.
   rPois:     It protects you from poison.
   +Blink:    It lets you blink.
Armour
 b - a +0 scale mail (worn)
 c - a +0 buckler (worn)
 i - a +0 plate armour
Jewellery
 e - a ring of protection from cold (left hand)
Scrolls
 f - a scroll of teleportation {unknown}
 k - 2 scrolls of identify {unknown}
 m - a scroll of fog {unknown}
Potions
 d - 2 potions of might
 g - a potion of attraction {unknown}
 h - a potion of degeneration {unknown}
 j - 4 potions of curing {unknown}
 l - a potion of heal wounds {unknown}


   Skills:
 * Level 4.9 Fighting
 * Level 4.0 Long Blades
 + Level 4.2 Armour
 + Level 3.9 Shields


You had 4 spell levels left.
You didn't know any spells.
Your spell library was empty.

Dungeon Overview and Level Annotations

Branches:
Dungeon (2/15)

Altars:


Innate Abilities, Weirdness & Mutations

You are amphibious.
You cover ground slowly.
You can hop short distances.
You have an extended range of vision and can be seen from far away.


Message History

You puncture the ogre!
The ogre is moderately wounded.
The ogre barely misses you.
You barely miss the ogre.
The ogre is moderately wounded.
The ogre closely misses you.
You puncture the ogre!
The ogre is almost dead.
The ogre closely misses you.
You barely miss the ogre.
The ogre is almost dead.
You block the ogre's attack.
You hit the ogre.
You kill the ogre!
Your Long Blades skill increases to level 4!
Your Armour skill increases to level 4!
You have reached level 4!
You feel stronger.
You have reached level 5!
You see here a +0 giant club.
You fail to use your ability.
You blink.
Okay, then.
You feel stable enough to blink again.
A jelly comes into view.
The jelly quivers.
A jelly is nearby!
Found a leather armour.
The jelly hits you. The acid corrodes you!
You are splashed with acid!
You puncture the jelly! The acid corrodes you!
Your hands burn!
The jelly is heavily wounded.
The jelly hits you.
You are splashed with acid!
You hit the jelly.
Your hands burn!
The jelly is almost dead.
The jelly hits you. The acid corrodes you!
You are splashed with acid!
* * * LOW HITPOINT WARNING * * *
The jelly hits you.
* * * LOW HITPOINT WARNING * * *
You are splashed with acid!
You die...

....[...........#
..................
.......................#
.......................#
............>..........#
.......................##
........................#
.......J.................
.........@..|.............
..........................#
......................)....#
............................#
.............................#
..............................#
..............................#
..............................#
......................).......#


You could see a jelly.

Vanquished Creatures
  An ogre (D:4)
  A gnoll (D:1)
  2 worms (D:2)
  A ball python (D:4)
  An endoplasm (D:1)
  A giant cockroach (D:1)
  5 goblins
  A hobgoblin (D:1)
  3 kobolds
  A quokka (D:2)
  2 bats (D:1)
  A rat (D:2)
20 creatures vanquished.

Notes
Turn   | Place    | Note
-------+----------+-------------------------------------------
     0 | D:1      | Moral the Barachi Fighter began the quest for the Orb.
     0 | D:1      | Reached XP level 1. HP: 18/18 MP: 1/1
   200 | D:1      | Reached XP level 2. HP: 20/25 MP: 2/2
   600 | D:1      | Reached XP level 3. HP: 30/30 MP: 3/3
   898 | D:2      | You fall into a shaft and drop 2 floors!
   920 | D:4      | Identified the +6 rapier "Livateogum" {heavy, +Blink rPois
                  | rF- Str+2}
  1000 | D:4      | Noticed an ogre
  1010 | D:4      | Killed an ogre
  1011 | D:4      | Reached XP level 4. HP: 38/38 MP: 4/4
  1011 | D:4      | Reached XP level 5. HP: 43/43 MP: 5/5
  1053 | D:4      | Splashed by a jelly's acid

Illustrated notes

Levels and vault maps discovered:
D:1:      saegor_arrival_fortress, layout_loops_ring
D:2:      cheibrodos_old_hovel, layout_basic, uniq_sigmund
D:4:      layout_layer_cave

Skill      XL: |  1  2  3 |
---------------+----------+-----
Fighting       | 4 |  4.9
Long Blades    | 3 4 |  4.0
Armour         | 4 |  4.2
Shields        | |  3.9

Action                     |  1- 3 |  4- 6 || total
---------------------------+-------+-------++-------
  Melee: Long sword        |    61 |       ||    61
         Rapier            |     8 |     2 ||    10
Ability: Evoke Blink       |       |     1 ||     1
 Armour: Scale mail        |    36 |       ||    36
  Dodge: Dodged            |    33 |       ||    33
  Block: Buckler           |    18 |       ||    18

Table legend: (Time is in decaauts)
 A = Elapsed time spent in this place.
 B = Non-inter-level travel time spent in this place.
 C = Inter-level travel time spent in this place.
 D = Time resting spent in this place.
 E = Time spent auto-exploring this place.
 F = Levels seen in this place.
 G = Mean time per level.
                   A        B        C        D        E       F      G
               +--------+--------+--------+--------+--------+-----+--------+
         Total |   1230 |   1198 |     32 |      0 |    911 |   3 |  410.0 |
       Dungeon |   1230 |   1198 |     32 |      0 |    911 |   3 |  410.0 |
               +--------+--------+--------+--------+--------+-----+--------+

Top non-repeatable levels by time:
     D:1: 773 daAuts
     D:2: 268 daAuts
     D:4: 188 daAuts
